 Dungeon Crawl Stone Soup version 0.17.0-27-g4a3f43e (webtiles) character file.

8125 Kidiri the Grappler (level 11, -6/109 HPs)
             Began as a Troll Monk on Nov 21, 2015.
             Was an Elder of Qazlal.
             Mangled by an elephant (12 damage)
             ... on level 1 of the Lair of Beasts.
             The game lasted 00:38:26 (9163 turns).

Kidiri the Grappler (Troll Monk)                    Turns: 9163, Time: 00:38:26

Health: -6/109     AC:  8    Str: 21    XL:     11   Next: 5%
Magic:  10/12      EV: 12    Int:  6    God:    Qazlal [****..]
Gold:   513        SH: 14    Dex: 15    Spells: 0 memorised, 10 levels left

rFire  . . .     SeeInvis +       - Unarmed
rCold  + . .     Clarity  +     D - +1 robe {rC+}
rNeg   + . .     SustAt   .     n - +0 shield
rPois  .         Gourm    +     (helmet restricted)
rElec  .         Spirit   .     j - +1 cloak
rCorr  .         Warding  .     (gloves unavailable)
rMut   .         Stasis   .     (boots unavailable)
MR     .....                    i - amulet of clarity
Stlth  +.........               y - ring of see invisible
                                d - ring of positive energy

@: hasted, repel missiles, very quick, not resistant to hostile enchantments,
very unstealthy
A: unfitting armour, claws 3, fast metabolism 3, gourmand, regeneration 2,
shaggy fur 1, tough skin 2
a: Upheaval, Elemental Force, Renounce Religion


You were on level 1 of the Lair of Beasts.
You worshipped Qazlal.
Qazlal was greatly pleased with you.
You were full.

You visited 3 branches of the dungeon, and saw 11 of its levels.
You also visited: Sewer.

You collected 513 gold pieces.

Inventory:

Hand Weapons
 B - a cursed +0 blowgun
Missiles
 o - 215 stones
 E - 5 curare-tipped needles
 M - 3 large rocks (quivered)
Armour
 j - a +1 cloak (worn)
 n - a +0 shield (worn)
 D - a +1 robe of cold resistance (worn)
 G - a +0 robe of positive energy
Jewellery
 d - a ring of positive energy (left claw)
 g - an uncursed ring of ice
 i - an amulet of clarity (around neck)
 k - an uncursed ring of wizardry
 y - a ring of see invisible (right claw)
Wands
 a - a wand of teleportation (4)
 r - a wand of paralysis (13)
 t - a wand of fireball (5)
 u - a wand of enslavement (16)
 x - a wand of magic darts (23)
 F - a wand of lightning (4)
Scrolls
 h - 2 scrolls of fear
 m - a scroll of torment
 p - 3 scrolls of teleportation
 s - a scroll of magic mapping
 J - a scroll of identify
 K - a scroll of amnesia
 L - a scroll of blinking
Potions
 e - a potion of berserk rage
 l - 2 potions of haste
 v - 2 potions of agility {unknown}
 A - 2 potions of poison {unknown}
 C - a potion of flight
Comestibles
 b - 5 bread rations
 c - 10 fruits
 f - a beef jerky
 q - a slice of pizza
 w - 6 meat rations
 z - a royal jelly
 H - 6 chunks of flesh


   Skills:
 * Level 7.2 Fighting
 + Level 4.8 Throwing
 + Level 3.0 Armour
 * Level 7.1 Dodging
 - Level 1.1 Stealth
 + Level 3.2 Shields
 * Level 9.2 Unarmed Combat
 + Level 3.7 Invocations
 + Level 2.9 Evocations


You had 10 spell levels left.
You didn't know any spells.

Dungeon Overview and Level Annotations

Branches:
Dungeon (8/15)             Temple (1/1) D:5            Lair (2/8) D:8

Altars:
Ashenzari
Cheibriados
Elyvilon
Fedhas
Gozag
Makhleb
Nemelex Xobeh
Okawaru
Qazlal
Ru
Sif Muna
Trog
Vehumet
Xom
Yredelemnul
Zin
The Shining One


Innate Abilities, Weirdness & Mutations

You are too large for most types of armour.
You have claws for hands.
Your metabolism is lightning-fast.
You like to eat raw meat.
You heal very quickly.
You are covered in fur (AC +1).
You have very tough skin (AC +2).


Message History

The wolf misses you. The wolf bites you.
* * * LOW HITPOINT WARNING * * *
The elephant is engulfed in freezing vapours.
The elephant tramples you!
* * * LOW HITPOINT WARNING * * *
You stumble backwards!
Unknown command.
The elephant is engulfed in freezing vapours.
Unknown command.
The elephant is engulfed in freezing vapours.
The elephant is engulfed in freezing vapours.
You scratch the elephant but do no damage.
The elephant is lightly wounded.
The elephant tramples you!
* * * LOW HITPOINT WARNING * * *
You stumble backwards!
Unknown command.
Drink which item? (? for menu, Esc to quit)
You feel yourself speed up. The elephant tramples you!
You die...

#+.....## #..........# #..
........##########.........# #..
...........................# #..
.##.+##....................# #..
.#.........##'#######.#....####..
.#......#..#..........#..........
........#........§....#..####.##.
.......!#..#####.##.###........#.
.P..........§hhY@........+.....#.
........#.....###.#.##...#.....#.
........#..§..# ######...#.....#>
.#......#...h.# #.§..P...P##.
.#......#.h...## ##..§........
.#.###.##......# #.........%..
.....Y..Y.....## ##...........
..............## #............
..#.##.#####...# ##...#####.#.


You could see an elephant and 2 wolves.

Vanquished Creatures
  Fannar (Lair:1)
  A hydra (Lair:1)
  Joseph (D:7)
  A komodo dragon (Lair:1)
  2 spiny frogs (Lair:1)
  Grinder (D:4)
  Sigmund (D:2)
  3 yaks (Lair:1)
  Eustachio (D:6)
  A hippogriff (Lair:1)
  Menkaure (D:5)
  A water moccasin (D:8)
  3 wolves (Lair:1)
  A sky beast (D:5)
  2 orc warriors (D:8)
  2 black bears
  A phantom (D:4)
  3 centaurs
  2 crocodiles
  An ogre (D:8)
  A big kobold (D:8)
  7 giant frogs
  2 scorpions
  4 wights (D:8)
  5 killer bees
  3 jellies
  9 hounds
  A quasit (D:6)
  5 crimson imps
  10 orc priests
  Crazy Yiuf (D:4)
  Ijyb (D:2)
  2 centaur skeletons
  4 iguanas
  9 worker ants
  6 orc wizards
  8 sheep (Lair:1)
  A killer bee zombie (D:8)
  4 gnolls (D:4)
  A shadow imp (D:7)
  12 adders
  An adder skeleton (D:5)
  3 worms
  7 giant geckos
  29 orcs
  2 ball pythons
  12 bats
  3 goblins
  10 hobgoblins
  14 jackals
  18 kobolds
  3 quokkas
  7 giant cockroaches
  4 giant gecko skeletons
  7 giant newts
  A jackal skeleton (D:4)
  A quokka zombie (D:5)
  9 rats
  2 fungi (Lair:1)
  2 plants
261 creatures vanquished.

Vanquished Creatures (others)
  A plant (Lair:1)
1 creature vanquished.

Grand Total: 262 creatures vanquished

Notes
Turn   | Place    | Note
--------------------------------------------------------------
     0 | D:1      | Kidiri the Troll Monk began the quest for the Orb.
     0 | D:1      | Reached XP level 1. HP: 22/22 MP: 0/0
   112 | D:1      | Reached XP level 2. HP: 23/29 MP: 1/1
   321 | D:1      | Reached XP level 3. HP: 36/36 MP: 2/2
   523 | D:2      | Found a bloodstained altar of Trog.
   523 | D:2      | Noticed Ijyb
   531 | D:2      | Killed Ijyb
   610 | D:2      | Reached XP level 4. HP: 42/45 MP: 3/3
   993 | D:2      | Noticed Sigmund
   995 | D:2      | Killed Sigmund
   995 | D:2      | Reached skill level 1 in Throwing
   995 | D:2      | Reached skill level 5 in Unarmed Combat
   995 | D:2      | Reached XP level 5. HP: 53/53 MP: 4/4
  1240 | D:2      | Reached XP level 6. HP: 61/61 MP: 5/5
  1578 | D:3      | Found a radiant altar of Vehumet.
  1751 | D:3      | Found a shattered altar of Ashenzari.
  2031 | D:4      | Reached XP level 7. HP: 49/70 MP: 6/6
  2044 | D:4      | Reached skill level 6 in Unarmed Combat
  2391 | D:4      | Noticed Crazy Yiuf
  2422 | D:4      | Killed Crazy Yiuf
  2643 | D:4      | Noticed Grinder
  2656 | D:4      | Killed Grinder
  2656 | D:4      | Reached skill level 5 in Fighting
  2656 | D:4      | Reached XP level 8. HP: 64/80 MP: 7/7
  2683 | D:4      | Found an iron altar of Okawaru.
  2960 | D:5      | Entered Level 5 of the Dungeon
  2983 | D:5      | Reached skill level 5 in Dodging
  3211 | D:5      | Noticed Menkaure
  3216 | D:5      | Killed Menkaure
  3367 | D:5      | Found a staircase to the Ecumenical Temple.
  3377 | Temple   | Entered the Ecumenical Temple
  3430 | Temple   | Became a worshipper of Qazlal Stormbringer
  3430 | Temple   | Reached * piety under Qazlal
  3430 | Temple   | Reached ** piety under Qazlal
  3719 | D:5      | Reached skill level 7 in Unarmed Combat
  4207 | D:6      | Found a deep blue altar of Sif Muna.
  4234 | D:6      | Reached skill level 1 in Shields
  4234 | D:6      | Reached skill level 1 in Invocations
  4311 | D:6      | Reached skill level 1 in Armour
  4311 | D:6      | Reached skill level 1 in Evocations
  4334 | D:6      | Noticed Eustachio
  4349 | D:6      | Killed Eustachio
  4349 | D:6      | Reached XP level 9. HP: 83/88 MP: 8/8
  4587 | D:6      | Found a glowing drain.
  4591 | Sewer    | Entered a sewer
  4606 | Sewer    | Reached *** piety under Qazlal
  5427 | D:7      | Noticed Joseph
  5432 | D:7      | Killed Joseph
  6455 | D:8      | Reached skill level 8 in Unarmed Combat
  6776 | D:8      | Reached **** piety under Qazlal
  6794 | D:8      | Found a staircase to the Lair.
  6886 | D:8      | Reached XP level 10. HP: 95/100 MP: 10/10
  7317 | D:8      | Found a bloodstained altar of Trog.
  7317 | D:8      | Found a basalt altar of Yredelemnul.
  7941 | Lair:1   | Entered Level 1 of the Lair of Beasts
  8016 | Lair:1   | Noticed Fannar
  8328 | Lair:1   | Killed Fannar
  8477 | Lair:1   | Noticed a seven-headed hydra
  8494 | Lair:1   | Killed an eight-headed hydra
  8649 | Lair:1   | Reached skill level 9 in Unarmed Combat
  8829 | Lair:1   | Reached XP level 11. HP: 109/109 MP: 12/12
  9162 | Lair:1   | HP: 5/109 [elephant (8)]
  9163 | Lair:1   | Mangled by an elephant

Action                   |  1- 3 |  4- 6 |  7- 9 | 10-12 || total
-------------------------+-------+-------+-------+-------++-------
Melee: Unarmed           |    88 |   105 |   366 |   192 ||   751
Throw: Large rock        |       |    22 |    41 |     3 ||    66
       Stone             |       |     6 |    24 |    16 ||    46
       Throwing net      |       |       |     1 |       ||     1
Invok: Upheaval          |       |       |       |     3 ||     3
  Use: Potion            |       |       |     9 |     5 ||    14
       Scroll            |       |       |    14 |     1 ||    15
 Stab: Sleeping          |       |     2 |       |       ||     2
  Eat: Chunk             |    11 |    13 |    41 |    19 ||    84
       Bread ration      |       |       |     1 |       ||     1
